 Dungeon Crawl Stone Soup version 0.19-a0-1782-g9923417 (webtiles) character file.

2780026 Implojin the Wrestler (level 27, 299/299 (300) HPs)
             Began as a Troll Monk on Nov 4, 2016.
             Was a High Priest of Okawaru.
             Escaped with the Orb
             ... and 4 runes!
             The game lasted 05:29:54 (54519 turns).

Implojin the Wrestler (Troll Monk)                 Turns: 54519, Time: 05:29:55

HP:   299/299 (300) AC: 32    Str: 24      XL:     27
MP:   28/28         EV: 28    Int:  6 (8)  God:    Okawaru [*****.]
Gold: 5115          SH: 25    Dex: 27      Spells: 8 memorised, 6 levels left

rFire  + + .     SeeInvis +       - Unarmed
rCold  + . .     Faith    .     l - +1 pearl dragon scales
rNeg   + + +     Spirit   .     D - +3 large shield {AC+3} {god gift}
rPois  .         Reflect  .     B - +3 crown of Dyrovepreva {rElec Int+2 SInv}
rElec  +         Clarity  +     M - +1 cloak "Firaokk" {rC+ Regen+}
rCorr  .                        (gloves unavailable)
MR     +++++                    (boots unavailable)
Stlth  +.........               y - amulet of the Four Winds {rN+ MR+++ Clar}
                                g - +6 ring of dexterity
                                x - ring of Jisoym {rF++ rN+ AC+4 Str-3}

@: no status effects
A: unfitting armour, claws 3, regeneration 1, shaggy fur 1, tough skin 2
a: Heroism, Finesse, Renounce Religion
0: Orb of Zot
}: 4/15 runes: serpentine, silver, bone, abyssal


You escaped.
You worshipped Okawaru.
Okawaru was extremely pleased with you.
You were not hungry.

You visited 10 branches of the dungeon, and saw 41 of its levels.
You visited the Abyss 3 times.
You visited 1 ziggurat, and saw 10 of its levels.
You also visited: Ossuary, Volcano and Wizlab.

You collected 6839 gold pieces.
You spent 1724 gold pieces at shops.

Inventory:

Hand Weapons
 r - a +9 blowgun
Missiles
 e - 37 curare-tipped needles
 L - 5 throwing nets
 Q - 776 large rocks (quivered) {god gift}
Armour
 l - +1 pearl dragon scales (worn)
 B - the +3 crown of Dyrovepreva (worn) {rElec Int+2 SInv}
   (You found it on level 8 of a ziggurat)

   It affects your intelligence (+2).
   It insulates you from electricity.
   It lets you see invisible.
 D - a +3 large shield of protection (worn) {god gift}
   (Okawaru gifted it to you on level 2 of the Vaults)
 M - the +1 cloak "Firaokk" (worn) {rC+ Regen+}
   (You found it in the Elven Halls)

   It protects you from cold.
   It increases your rate of regeneration.
 S - a +2 cloak of magic resistance
   (You took it off a draconian monk on level 3 of the Realm of Zot)
Jewellery
 a - an uncursed ring of poison resistance
   (You found it on level 6 of a ziggurat)
 d - the ring "Ceubliwu" {rC+ MR+ Slay+2}
   (You found it on level 3 of the Depths)

   [ring of protection from magic]

   It affects your accuracy and damage with ranged weapons and melee attacks
   (+2).
   It protects you from cold.
   It affects your resistance to hostile enchantments.
 g - a +6 ring of dexterity (right claw)
   (You found it on level 8 of a ziggurat)
 j - a +5 amulet of reflection
   (You found it on level 15 of the Dungeon)
 m - the ring "Aqeets" {rC+ Dex+2}
   (You took it off a vampire mage on level 3 of the Depths)

   [ring of protection from cold]

   It affects your dexterity (+2).
   It protects you from cold.
 x - the ring of Jisoym (left claw) {rF++ rN+ AC+4 Str-3}
   (You took it off a deep elf blademaster in the Elven Halls)

   [ring of protection]

   It affects your AC (+4).
   It affects your strength (-3).
   It greatly protects you from fire.
   It protects you from negative energy.
 y - the amulet of the Four Winds (around neck) {rN+ MR+++ Clar}
   (You took it off a vault sentinel on level 3 of the Vaults)

   [amulet of nothing]

   It protects you from negative energy.
   It affects your resistance to hostile enchantments.
   It protects you against confusion.
 F - the ring "Jaewuaga" {rF+ Slay+4}
   (You found it on level 3 of the Depths)

   [ring of slaying]

   It affects your accuracy and damage with ranged weapons and melee attacks
   (+4).
   It protects you from fire.
 J - the ring "Zuiwiedi" {rF+ Dex+4}
   (You found it on level 3 of the Depths)

   [ring of protection from fire]

   It affects your dexterity (+4).
   It protects you from fire.
 K - a +5 ring of strength
   (You found it in an ossuary)
 R - the ring "Ytauts" {+Fly rElec rF+ Dex-5 Slay+3}
   (You found it on level 9 of a ziggurat)

   [ring of protection from fire]

   It affects your dexterity (-5).
   It affects your accuracy and damage with ranged weapons and melee attacks
   (+3).
   It protects you from fire.
   It insulates you from electricity.
   It lets you fly.
 V - a +5 ring of intelligence
   (You took it off a yellow draconian on level 1 of the Vaults)
 W - the ring "Epiwas" {rCorr Dex+3}
   (You found it on level 3 of the Depths)

   [ring of resist corrosion]

   It affects your dexterity (+3).
 X - an uncursed amulet of regeneration
   (You found it on level 8 of a ziggurat)
Wands
 b - a wand of disintegration (10/24)
 o - a wand of teleportation (4/9)
 p - a wand of heal wounds (5/9)
 s - a wand of digging (0/24)
 z - a wand of digging (3/24)
 P - a wand of heal wounds (1/9)
 Y - a wand of disintegration (16/24)
Scrolls
 h - a scroll of summoning
 v - 13 scrolls of remove curse
 E - 2 scrolls of fear
 G - 2 scrolls of fog
 H - 2 scrolls of torment
 I - 2 scrolls of silence
 O - 4 scrolls of recharging
Potions
 f - a potion of cure mutation
 i - 7 potions of lignification
 k - 9 potions of magic
 n - 2 potions of invisibility
 q - 11 potions of flight
 t - a potion of heal wounds
 w - 4 potions of curing
 C - 2 potions of berserk rage
 N - a potion of ambrosia


   Skills:
 - Level 22.0 Fighting
 * Level 13.5 Armour
 - Level 22.0 Dodging
 - Level 12.0 Stealth
 - Level 15.0 Shields
 - Level 22.0 Unarmed Combat
 - Level 8.1 Invocations


You had 6 spell levels left.
You knew the following spells:

 Your Spells              Type           Power        Failure   Level  Hunger
a - Swiftness             Chrm/Air       #.......     98%         2    ###....
b - Repel Missiles        Chrm/Air       #.....       98%         2    ###....
c - Aura of Abjuration    Summ           #.........   100%        5    ######.
d - Apportation           Tloc           #.........   91%         1    ##.....
e - Blink                 Tloc           N/A          98%         2    ###....
f - Haste                 Chrm           #.......     100%        6    #######
g - Summon Butterflies    Summ           #.......     91%         1    ##.....
h - Beastly Appendage     Tmut           #.....       91%         1    ##.....


Dungeon Overview and Level Annotations

Branches:
Dungeon (15/15)            Temple (1/1) D:6           Snake (3/3) D:13
  Slime (0/4) Depths:2        Orc (2/2) D:11            Elf (1/1) Vaults:1
 Vaults (3/3) D:15         Depths (3/3) D:15           Hell (1/1)
    Tar (7/7) Hell            Zot (5/5) Depths:3
   Lair: D:-1         Swamp: D:13-14     Shoals: D:13-14      Crypt: Vaults:-1
   Tomb: Vaults:-1      Dis: Hell:1         Geh: Hell:1         Coc: Hell:1

Altars:
Ashenzari
Cheibriados
Dithmenos
Elyvilon
Fedhas
Gozag
Hepliaklqana
Kikubaaqudgha
Makhleb
Nemelex Xobeh
Okawaru
Qazlal
Ru
Sif Muna
Trog
Uskayaw
Vehumet
Xom
Yredelemnul
Zin
The Shining One
Jiyva

Shops:
D:7 =   D:9 :   D:10 ?   D:13 (   D:15 :   Orc:2 :[!x   Vaults:2 (   Depths:2 ?

Portals:
Hell: Depths:1 Depths:2 Depths:3
Abyss: Depths:1 Depths:3
Pandemonium: Depths:3

Annotations:
Snake:1 !rupert wandering care, Rupert
Depths:1 exclusions: 2 doors and obsidian statue
Tar:7 Ereshkigal, Serpent of Hell


Innate Abilities, Weirdness & Mutations

You are too large for most types of armour.
You have claws for hands.
Your natural rate of healing is unusually fast.
You are covered in fur. (AC +1)
You have very tough skin. (AC +2)


Message History

Aim: a neqoxec You throw a large rock {god gift}.
The large rock {god gift} barely misses the neqoxec (0).
Throwing (i - inventory. (,) - cycle):
Q - 777 large rocks (quivered)
{god gift}
Press: ? - help, Shift-Dir - straight line, f/p - neqoxec
Aim: a neqoxec You throw a large rock {god gift}.
The large rock {god gift} hits the neqoxec (25)!!
The neqoxec is severely wounded.
The neqoxec gestures at you.
You feel dopey. Something feeds on your intellect!
You mangle the neqoxec (28)!!
You kill the neqoxec!
Okawaru accepts your kill.
A Hell Sentinel and a pandemonium lord come into view.
There is an open door here.
A small abomination comes into view.
A rust devil comes into view.
You block Qofaech's attack.
You eviscerate Qofaech (59)!!!
Qofaech is moderately wounded.
You miss Qofaech.
Qofaech is moderately wounded.
You block Qofaech's attack.
You can now deal lightning-fast blows.
Qofaech completely misses you.
Unknown command.
Unknown command.
You mangle Qofaech (23)!!
Qofaech is heavily wounded.
You barely miss Qofaech.
Qofaech is heavily wounded.
You eviscerate Qofaech (87)!!!!
Qofaech is almost dead.
You mangle Qofaech (24)!!
Qofaech is almost dead.
You completely miss Qofaech.
Qofaech is almost dead.
Qofaech gestures at you. The freezing blast misses you.
You eviscerate Qofaech (47)!!!
You kill Qofaech!
Okawaru accepts your kill. The rust devil closely misses you.
You claw the Hell Sentinel (13)!
The Hell Sentinel is lightly wounded.
You scratch the Hell Sentinel but do no damage.
The Hell Sentinel is lightly wounded.
The Hell Sentinel completely misses you.
You block the Hell Sentinel's attack.
You eviscerate the Hell Sentinel (37)!!!
The Hell Sentinel is moderately wounded.
You block the rust devil's attack.
You are struck by the Hell Sentinel's spines.
You mangle the Hell Sentinel (20)!!
The Hell Sentinel is heavily wounded.
You eviscerate the Hell Sentinel (57)!!!
The Hell Sentinel is almost dead.
You scratch the Hell Sentinel (5).
The Hell Sentinel is almost dead.
You block the Hell Sentinel's attack. x2
You scratch the Hell Sentinel (1).
The Hell Sentinel is almost dead.
You completely miss the Hell Sentinel.
The Hell Sentinel is almost dead.
The rust devil completely misses you.
You eviscerate the Hell Sentinel (59)!!!
You kill the Hell Sentinel!
Okawaru accepts your kill.
You eviscerate the rust devil (71)!!!
You kill the rust devil!
Okawaru accepts your kill.
You feel your intelligence returning.
You block the small abomination's attack.
You scratch the small abomination but do no damage.
You mangle the small abomination (20)!!
The small abomination is severely damaged.
You mangle the small abomination (27)!!
You destroy the small abomination!
You can't go up here!
There is a stone staircase leading up here.
You climb upwards.
There is a stone staircase leading down here.
You feel like a meek peon again.
Things that are here:
3 stones; a whip You see here a club.
Your claws slow down.
You see here a dagger.
You open the door.
There is an open door here.
You found a teleport trap!
Really walk into that teleport trap? [Y]es or [N]o only, please.
Really walk into that teleport trap?
Okay, then.
There is an open door here.
There is a staircase leading out of the dungeon here.
You have escaped!

#####
#...#
#.@.#
#...#
#...#
###'####
##......#
#^......#
#.#####.#
#..#..#.#
##.#..#.#


There were no monsters in sight!

Vanquished Creatures
  6 ancient liches (Zot:5)
  2 orbs of fire
  3 Killer Klowns
  2 greater mummies
  4 pandemonium lords
  A cool robin (Zot:2)
  Margery (Vaults:2)
  An acid robin (Depths:2)
  Geryon (Hell)
  7 golden dragons
  A golden dragon (shapeshifter) (Vaults:2)
  12 bone dragons
  An electric golem (Zot:5)
  32 Tzitzimimeh
  11 doom hounds
  A Brimstone Fiend (Tar:7)
  Jorgrun (Depths:2)
  A hellephant (Zig:4)
  4 Hell Sentinels
  9 liches
  22 Orb Guardians
  Asterion (Elf)
  3 deep elf master archers
  2 deep elf blademasters (Elf)
  3 death cobs
  6 tentacled starspawn
  Murray (Hell)
  A quicksilver dragon (Zot:4)
  6 ancient champions
  4 sphinxes
  An Executioner (Tar:5)
  10 tentacled monstrosities
  3 iron trolls (Depths:3)
  10 tengu reavers
  19 shadow dragons
  A draconian monk (Zot:3)
  10 storm dragons
  9 fire giants
  11 greater nagas
  A ghost moth (Zot:4)
  3 orc warlords (Depths:3)
  15 frost giants
  4 deep elf sorcerers
  3 emperor scorpions (Zig:9)
  3 draconian knights
  2 draconian zealots
  2 iron dragons
  2 balrugs (Hell)
  3 draconian shifters
  4 draconian scorchers
  7 vault wardens
  2 juggernaut zombies (WizLab)
  6 deep elf elementalists (Elf)
  12 ironheart preservers
  A draconian caller (Zot:1)
  4 war gargoyles
  38 reapers
  2 angels (Depths:1)
  12 stone giants
  5 spriggan defenders
  13 very ugly things
  7 revenants
  3 vampire knights
  3 draconian annihilators
  4 purple draconians
  Nessos (D:14)
  22 starcursed masses
  7 yellow draconians
  2 green draconians
  A spectral titan (Tar:7)
  7 deep elf annihilators
  5 black draconians
  11 deep elf demonologists
  4 mottled draconians
  9 white draconians
  9 red draconians
  4 spark wasps
  A crystal guardian (Vaults:1)
  2 dire elephants
  14 ettins
  6 deep elf death magi
  A merfolk javelineer (Zig:8)
  3 fire dragons
  Josephine (D:13)
  2 green deaths
  Snorg (Orc:2)
  4 mummy priests
  4 merfolk impalers (Zig:8)
  A jiangshi (Tar:7)
  3 deep elf high priests
  10 great orbs of eyes
  17 naga warriors
  2 quicksilver dragon zombies
  40 vault guards
  A ghost crab (shapeshifter) (Abyss:3)
  2 ice dragons (Vaults:3)
  6 rakshasas
  4 hydras
  8 yaktaur captains
  Erolcha (Orc:2)
  A quicksilver dragon skeleton (Tar:2)
  Erica (D:10)
  2 ghost crabs
  Harold (Orc:1)
  5 centaur warriors
  2 merfolk aquamancers (Zig:8)
  7 eidola
  A spriggan air mage (Depths:3)
  2 death knights (Vaults:3)
  7 deep troll shamans
  2 dancing weapons
  6 anacondas
  6 hell hogs (Hell)
  3 deep troll earth magi
  6 ogre magi
  6 spriggans (Depths:3)
  2 orc high priests
  A shock serpent (shapeshifter) (Vaults:2)
  9 thrashing horrors
  3 titan zombies
  4 shock serpents
  3 spriggan berserkers (Depths:3)
  8 vampire magi
  24 soul eaters
  Sonja (D:13)
  8 naga sharpshooters
  9 sun demons
  9 deep elf knights
  7 wretched stars
  5 titan skeletons
  9 hell knights
  A golden dragon zombie (Zig:6)
  2 sixfirhies
  92 skeletal warriors
  11 deep trolls
  A storm dragon skeleton (Tar:3)
  4 wizards (Depths:1)
  7 spatial maelstroms
  2 death drakes
  3 glowing orange brains
  6 sea snakes
  23 shadow demons
  9 shadow wraiths
  5 flayed ghosts
  3 unseen horrors
  5 hill giants
  7 naga ritualists
  A golden dragon skeleton (Tar:3)
  5 deep elf archers
  5 harpies (Depths:3)
  A harpy (shapeshifter) (Vaults:3)
  A lindwurm (Volcano)
  2 mana vipers (shapeshifter) (Zig:5)
  3 wolf spider zombies
  9 ironbrand convokers
  Pikel (D:8)
  8 orc knights
  2 spectral ettins
  3 wolf spiders
  2 shadow dragon skeletons
  10 oklob plants
  4 fauns (Zig:8)
  5 necromancers
  3 hornets (shapeshifter)
  2 iron dragon zombies
  16 deep elf magi
  9 mana vipers
  16 phantasmal warriors
  A stone giant zombie (Tar:2)
  2 orc sorcerers
  4 salamanders
  2 worldbinders
  34 ugly things
  An orb spider (Zig:9)
  17 black mambas
  2 fire giant zombies (Tar:4)
  An iron dragon skeleton (Tar:4)
  5 cyclopes
  5 manticores
  2 demonspawn zombies (WizLab)
  3 human skeletons
  20 moths of wrath
  A toenail golem (Volcano)
  A water nymph (Zig:8)
  A shock serpent zombie (Tar:6)
  2 apocalypse crabs
  11 vault sentinels
  A torpor snail (D:15)
  5 smoke demons
  2 dire elephant zombies
  2 frost giant skeletons
  3 dire elephant skeletons
  An orange demon (Hell)
  4 rust devils
  20 naga magi
  A titan simulacrum (Hell)
  17 guardian serpents
  A black mamba (shapeshifter) (Vaults:3)
  2 stone giant skeletons
  5 gargoyles
  12 spectral swamp worms
  A shock serpent skeleton (Tar:6)
  4 spiny frogs
  Joseph (D:9)
  3 efreet
  5 demonic crawlers (Zig:9)
  3 yaktaur zombies (WizLab)
  An emperor scorpion zombie (Tar:1)
  9 hellions
  2 yaktaurs (shapeshifter) (Vaults:3)
  20 yaktaurs
  10 ice devils
  2 molten gargoyles
  7 freezing wraiths
  2 hellwings
  10 tormentors
  An anaconda simulacrum (Hell)
  7 ancient zymes
  5 guardian mummies
  4 spriggan zombies
  A jumping spider (shapeshifter) (D:14)
  5 silent spectres
  4 hydra zombies
  A jumping spider (Zig:9)
  8 trolls
  15 two-headed ogres
  8 merfolk (Zig:8)
  Prince Ribbit (D:6)
  A meliai (shapeshifter) (Abyss:3)
  A troll (shapeshifter) (Vaults:2)
  5 raiju
  3 hydra skeletons
  A deep troll zombie (WizLab)
  A fire dragon zombie (Tar:2)
  A harpy skeleton (Tar:2)
  A blink frog (shapeshifter) (Abyss:2)
  5 blink frogs
  17 slime creatures
  A hornet zombie (D:14)
  2 dream sheep (D:11)
  16 large abominations
  A fire giant simulacrum (Vaults:3)
  2 ice dragon zombies
  An alligator zombie (Hell)
  4 ettin zombies
  3 centaur simulacra
  16 shadows
  A redback (Zig:9)
  5 ice dragon skeletons
  A tarantella (Zig:9)
  An alligator skeleton (Tar:6)
  66 flying skulls
  6 water elementals
  7 small abominations
  A wyvern (shapeshifter) (Vaults:3)
  11 yaks
  A vampire (D:13)
  A ynoxinul (Abyss:3)
  A black mamba zombie (Tar:3)
  10 wraiths
  3 fire bats (Orc:1)
  A spriggan (shapeshifter) (Elf)
  6 wyverns
  A basilisk (shapeshifter) (Vaults:1)
  3 chaos spawn
  2 neqoxecs
  6 angry ghosts
  10 fire elementals
  2 vampire mosquitoes (D:15)
  2 human simulacra (Vaults:3)
  Menkaure (Ossuary)
  2 steam dragons
  A harpy simulacrum (Hell)
  6 spatial vortices
  A mottled dragon (D:14)
  8 wargs
  Edmund (D:4)
  A water moccasin (D:8)
  45 nagas
  A spiny frog zombie (D:8)
  3 hydra simulacra
  An ice beast (shapeshifter) (Vaults:1)
  4 spiny frog skeletons
  2 floating eyes (Depths:3)
  A black bear (D:11)
  20 hell hounds
  53 orc warriors
  A black bear (shapeshifter) (Vaults:1)
  8 wasps
  4 slaves (D:8)
  A swamp dragon zombie (Tar:4)
  An alligator simulacrum (Hell)
  2 ice beasts
  A manticore zombie (Tar:3)
  An ogre (shapeshifter) (Vaults:2)
  18 necrophages
  9 phantoms
  A blink frog zombie (D:8)
  37 ogres
  3 boggarts (Vaults:1)
  2 snapping turtle skeletons
  A swamp dragon skeleton (Tar:5)
  2 blink frog skeletons
  3 big kobolds (D:11)
  21 centaurs
  A crocodile (Zig:4)
  A big kobold (shapeshifter) (Vaults:1)
  3 elf zombies
  Blork the orc (D:14)
  4 bullfrogs
  A wyvern zombie (D:8)
  2 earth elementals
  A wyvern skeleton (D:8)
  2 scorpions
  A troll zombie (Tar:3)
  8 killer bees
  A howler monkey (D:3)
  25 wights
  4 electric eels (Snake:3)
  4 crimson imps
  7 human zombies
  A quasit (D:10)
  A bullfrog zombie (D:7)
  5 centaur zombies
  3 hounds
  8 centaur skeletons
  13 orc priests
  2 jellies
  5 iron imps
  5 iguanas
  Natasha (thrice) (D:3)
  15 orc wizards
  2 worker ants
  Terence (D:2)
  2 killer bee zombies
  5 ogre zombies
  A hound skeleton (D:7)
  9 mummies
  14 gnolls
  5 adders
  16 shadow imps
  2 ufetubi (Abyss:4)
  An ooze (D:7)
  5 adder zombies (Ossuary)
  3 dart slugs
  5 leopard geckos
  77 orcs
  2 ball pythons
  3 bats
  5 giant cockroaches
  4 gnoll zombies (Ossuary)
  11 goblins
  6 hobgoblins
  6 jackals
  10 kobolds
  4 frilled lizards
  3 goblin zombies (Ossuary)
  3 hobgoblin zombies (Ossuary)
  A kobold skeleton (Tar:6)
  3 kobold zombies (Ossuary)
  A leopard gecko skeleton (D:5)
  A leopard gecko zombie (D:5)
  4 quokka zombies (Ossuary)
  2 rats (D:1)
  A rat zombie (Ossuary)
  A fire vortex (Volcano)
  A lurking horror (Abyss:3)
  7 starspawn tentacles
2232 creatures vanquished.

Vanquished Creatures (collateral kills)
  A thrashing horror (Zig:7)
  A large abomination (Zig:7)
  A small abomination (Zig:7)
3 creatures vanquished.

Vanquished Creatures (others)
  A Tzitzimitl (Hell)
  3 eldritch tentacles
  4 stone giants
  A fire dragon (D:15)
  2 yaktaur captains
  A centaur warrior (Vaults:3)
  A deep elf knight (Elf)
  3 naga sharpshooters
  A deep elf archer (Vaults:1)
  A cyclops (D:15)
  A moth of wrath (Zot:5)
  2 yaktaurs
  A naga (Snake:2)
  A water moccasin (Zig:4)
  5 orc warriors
  2 centaurs (Orc:2)
  A boggart (Vaults:1)
  4 orcs
  A fire vortex (Volcano)
  5 fungi (D:15)
  A lurking horror (Abyss:3)
  12 plants
  21 starspawn tentacles
75 creatures vanquished.

Grand Total: 2310 creatures vanquished

Notes
Turn   | Place    | Note
-------+----------+-------------------------------------------
     0 | D:1      | Implojin the Troll Monk began the quest for the Orb.
     0 | D:1      | Reached XP level 1. HP: 22/22 MP: 0/0
    88 | D:1      | Reached XP level 2. HP: 29/29 MP: 1/1
   160 | D:1      | twenty seven??
   160 | D:1      | okay
   221 | D:1      | Reached skill level 4 in Unarmed Combat
   269 | D:1      | Reached XP level 3. HP: 28/36 MP: 2/2
   462 | D:2      | Noticed Terence
   511 | D:2      | Killed Terence
   545 | D:2      | Reached skill level 5 in Unarmed Combat
   545 | D:2      | Reached XP level 4. HP: 44/44 MP: 3/3
  1021 | D:2      | Reached XP level 5. HP: 46/50 MP: 4/4
  1152 | D:3      | Reached skill level 6 in Unarmed Combat
  1180 | D:3      | Noticed Natasha
  1195 | D:3      | Killed Natasha
  1419 | D:3      | Noticed Natasha
  1435 | D:3      | Killed Natasha
  1435 | D:3      | Reached XP level 6. HP: 48/59 MP: 5/5
  1507 | D:3      | Noticed Natasha
  1516 | D:3      | Killed Natasha
  1516 | D:3      | Reached skill level 7 in Unarmed Combat
  2103 | D:4      | Noticed Edmund
  2122 | D:4      | Killed Edmund
  2495 | D:3      | Reached skill level 8 in Unarmed Combat
  2495 | D:3      | Reached XP level 7. HP: 66/66 MP: 6/6
  2717 | D:5      | Entered Level 5 of the Dungeon
  2764 | D:5      | Reached skill level 3 in Fighting
  2939 | D:5      | Found a snail-covered altar of Cheibriados.
  2958 | D:5      | Reached skill level 4 in Fighting
  3434 | D:6      | Noticed Prince Ribbit
  3445 | D:6      | Killed Prince Ribbit
  3445 | D:6      | Reached skill level 5 in Fighting
  3445 | D:6      | Reached XP level 8. HP: 80/80 MP: 7/7
  3734 | D:6      | Found a staircase to the Ecumenical Temple.
  3821 | D:6      | Reached skill level 6 in Fighting
  3865 | Temple   | Entered the Ecumenical Temple
  4243 | Temple   | Became a worshipper of Warmaster Okawaru
  4243 | Temple   | Reached * piety under Okawaru
  4243 | Temple   | Reached ** piety under Okawaru
  4490 | D:7      | Found Quggaim's Jewellery Boutique.
  4498 | D:7      | Reached skill level 7 in Fighting
  4513 | D:7      | Bought a +1 ring of protection for 48 gold pieces
  4526 | D:7      | Found a sand-covered staircase.
  4531 | Ossuary  | Entered an ossuary
  4730 | Ossuary  | Noticed Menkaure
  4739 | Ossuary  | Killed Menkaure
  4850 | Ossuary  | Reached skill level 8 in Fighting
  4982 | Ossuary  | Reached XP level 9. HP: 89/96 MP: 8/8
  5101 | D:7      | Reached skill level 1 in Shields
  5143 | D:7      | Reached skill level 2 in Shields
  5263 | D:6      | Reached skill level 3 in Shields
  5676 | D:8      | Reached skill level 4 in Shields
  5748 | D:8      | Reached *** piety under Okawaru
  5748 | D:8      | Reached skill level 5 in Shields
  5759 | D:8      | Learned a level 2 spell: Swiftness
  5762 | D:8      | Learned a level 2 spell: Repel Missiles
  5906 | D:8      | Reached skill level 6 in Shields
  6273 | D:8      | Noticed Pikel
  6281 | D:8      | Killed Pikel
  6281 | D:8      | Reached skill level 2 in Invocations
  6281 | D:8      | Reached XP level 10. HP: 98/104 MP: 6/11
  6488 | D:9      | Noticed a hill giant
  6499 | D:8      | Killed a hill giant
  6499 | D:8      | Reached skill level 4 in Invocations
  6686 | D:8      | Reached skill level 5 in Invocations
  6724 | D:9      | Noticed Joseph
  6755 | D:9      | Killed Joseph
  6755 | D:9      | Reached skill level 6 in Invocations
  6764 | D:9      | Learned a level 5 spell: Aura of Abjuration
  6850 | D:9      | Found Ocyxor's Book Shoppe.
  7027 | D:9      | Reached skill level 7 in Invocations
  7029 | D:9      | Received a gift from Okawaru
  7168 | D:10     | Entered Level 10 of the Dungeon
  7171 | D:10     | Noticed a spiny frog
  7199 | D:10     | Found Suiriwu's Magic Scroll Shop.
  7204 | D:10     | Killed a spiny frog
  7212 | D:10     | Reached skill level 8 in Invocations
  7310 | D:10     | Bought a scroll of blinking for 97 gold pieces
  7310 | D:10     | Bought a scroll of teleportation for 39 gold pieces
  7310 | D:10     | Bought a scroll of enchant weapon for 97 gold pieces
  7310 | D:10     | Bought a scroll of magic mapping for 45 gold pieces
  7310 | D:10     | Bought a scroll of teleportation for 39 gold pieces
  7332 | D:10     | Reached **** piety under Okawaru
  7337 | D:10     | Reached skill level 7 in Shields
  7337 | D:10     | Reached XP level 11. HP: 98/111 MP: 16/16
  7408 | D:10     | Noticed Erica
  7412 | D:10     | Killed Erica
  7465 | D:10     | Reached skill level 8 in Shields
  7856 | D:11     | Found a staircase to the Orcish Mines.
  8008 | D:11     | Reached skill level 9 in Shields
  8093 | D:11     | oops
  8115 | D:11     | Noticed a hill giant
  8123 | D:11     | Killed a hill giant
  8123 | D:11     | Reached skill level 3 in Dodging
  8603 | D:11     | Noticed a green ugly thing
  8612 | D:11     | Killed a green ugly thing
  8750 | D:11     | Killed an unseen horror
  8750 | D:11     | Reached skill level 4 in Dodging
  8899 | D:11     | Reached skill level 5 in Dodging
  8923 | D:11     | Noticed a three-headed hydra
  8930 | D:11     | Killed a three-headed hydra
  8930 | D:11     | Reached skill level 6 in Dodging
  8961 | D:11     | Killed an unseen horror
  8961 | D:11     | Reached XP level 12. HP: 77/119 MP: 14/17
  9100 | D:12     | Noticed an orc high priest
  9102 | D:12     | woah
  9112 | D:12     | Killed an orc high priest
  9119 | D:12     | large rocks seem to be fucking broken in hellcrawl
  9216 | D:12     | Reached skill level 7 in Dodging
  9634 | D:12     | Reached skill level 8 in Dodging
 10085 | D:13     | Noticed Sonja
 10099 | D:13     | Killed Sonja
 10254 | D:13     | Noticed Josephine
 10263 | D:13     | Reached skill level 9 in Dodging
 10302 | D:13     | Killed Josephine
 10514 | D:13     | Found a staircase to the Snake Pit.
 10569 | D:13     | Found Koahuir's Weapon Boutique.
 10771 | D:13     | Reached skill level 10 in Dodging
 11054 | D:14     | Received a gift from Okawaru
 11554 | D:14     | Noticed a five-headed hydra
 11560 | D:14     | Killed a five-headed hydra
 11560 | D:14     | Reached XP level 13. HP: 120/127 MP: 15/18
 11591 | D:14     | Reached skill level 11 in Dodging
 11620 | D:14     | Noticed Nessos
 11634 | D:14     | Killed Nessos
 11669 | D:14     | Noticed Blork the orc
 11681 | D:14     | Killed Blork the orc
 11688 | D:14     | Found a deep blue altar of Sif Muna.
 11883 | D:15     | Entered Level 15 of the Dungeon
 12000 | D:15     | Found Jyci Zam's Book Emporium.
 12020 | D:15     | Found a stormy altar of Qazlal.
 12154 | D:15     | Noticed a fire dragon
 12380 | Orc:1    | Entered Level 1 of the Orcish Mines
 12454 | Orc:1    | Found a dark tunnel.
 12475 | Orc:1    | Learned a level 1 spell: Apportation
 12477 | Orc:1    | Learned a level 1 spell: Summon Small Mammal
 12480 | Volcano  | Entered a volcano
 12499 | Volcano  | Reached skill level 12 in Dodging
 12500 | Volcano  | oops
 12704 | Orc:1    | Noticed Harold
 12719 | Orc:1    | Killed Harold
 12859 | Orc:2    | Entered Level 2 of the Orcish Mines
 12874 | Orc:2    | Reached skill level 9 in Unarmed Combat
 12965 | Orc:2    | Noticed Erolcha
 13058 | Orc:2    | Killed Erolcha
 13192 | Orc:2    | Noticed Snorg
 13204 | Orc:2    | Killed Snorg
 13367 | Orc:2    | Reached skill level 10 in Unarmed Combat
 13731 | Orc:2    | Reached skill level 11 in Unarmed Combat
 13750 | Orc:2    | Found Istral's Armour Emporium.
 13750 | Orc:2    | Found Imuliq's Distillery.
 13752 | Orc:2    | Found Simyhaorr's Book Shoppe.
 13754 | Orc:2    | Found Quyckeeg's Food Boutique.
 13765 | Orc:2    | Bought a +0 cloak for 81 gold pieces
 14440 | Orc:2    | Bought a potion of invisibility for 96 gold pieces
 14440 | Orc:2    | Bought a potion of curing for 36 gold pieces
 14440 | Orc:2    | Bought a potion of cancellation for 96 gold pieces
 14440 | Orc:2    | Bought a potion of heal wounds for 60 gold pieces
 14440 | Orc:2    | Bought a potion of agility for 48 gold pieces
 14440 | Orc:2    | Bought a potion of magic for 96 gold pieces
 14440 | Orc:2    | Bought a potion of flight for 36 gold pieces
 14440 | Orc:2    | Bought a potion of flight for 36 gold pieces
 14440 | Orc:2    | Bought a potion of heal wounds for 60 gold pieces
 14440 | Orc:2    | Bought a potion of heal wounds for 60 gold pieces
 14553 | Snake:1  | Entered Level 1 of the Snake Pit
 14609 | Snake:1  | Reached skill level 9 in Fighting
 14619 | Snake:1  | Reached XP level 14. HP: 90/140 MP: 19/19
 14839 | Snake:1  | Noticed Rupert
 15265 | D:14     | Reached skill level 10 in Fighting
 15639 | D:14     | Received a gift from Okawaru
 15647 | D:15     | this was dumb
 15883 | D:15     | Reached skill level 11 in Fighting
 16022 | D:15     | Found a gate to the Vaults.
 16059 | D:15     | Found a staircase to the Depths.
 16534 | Vaults:1 | Entered Level 1 of the Vaults
 16658 | Vaults:1 | Noticed a vault warden
 16676 | Vaults:1 | Killed a vault warden
 16678 | Vaults:1 | Reached skill level 12 in Fighting
 16682 | Vaults:1 | Received a gift from Okawaru
 16704 | Vaults:1 | Noticed an ironheart preserver
 16705 | Vaults:1 | Noticed a deep elf sorcerer
 16722 | Vaults:1 | Noticed a Hell Sentinel
 16728 | Vaults:1 | Killed a deep elf sorcerer
 16729 | Vaults:1 | HP: 29/149 [deep elf knight/short sword[an ironheart preserver] (18)]
 16737 | Vaults:1 | Killed an ironheart preserver
 16738 | Vaults:1 | HP: 33/149 [deep elf knight/short sword[an ironheart preserver] (16)]
 16741 | Vaults:1 | Reached skill level 12 in Unarmed Combat
 16996 | Vaults:1 | Reached ***** piety under Okawaru
 17006 | Vaults:1 | Reached skill level 1 in Armour
 17006 | Vaults:1 | Reached XP level 15. HP: 128/156 MP: 17/20
 17021 | Vaults:1 | Reached skill level 2 in Armour
 17040 | Vaults:1 | Found a staircase to the Elven Halls.
 17232 | Vaults:1 | Reached skill level 3 in Armour
 17246 | Vaults:1 | Reached skill level 4 in Armour
 17331 | Vaults:1 | Noticed a Hell Sentinel
 17461 | Vaults:1 | Reached skill level 5 in Armour
 17660 | Vaults:1 | Noticed a vault warden
 17683 | Vaults:1 | Reached skill level 6 in Armour
 17711 | Vaults:1 | Killed a vault warden
 17711 | Vaults:1 | Received a gift from Okawaru
 17864 | Vaults:1 | Reached skill level 10 in Shields
 17886 | Vaults:1 | Noticed a frost giant
 17900 | Vaults:1 | Killed a frost giant
 17908 | Vaults:1 | Noticed a tengu reaver
 18182 | Vaults:1 | Reached skill level 11 in Shields
 18267 | Vaults:1 | Noticed a vault warden
 18415 | Vaults:1 | Killed a vault warden
 18485 | Vaults:1 | Killed a tengu reaver
 18520 | Vaults:1 | Noticed a shadow dragon
 18538 | Vaults:1 | Killed a shadow dragon
 18538 | Vaults:1 | Reached skill level 12 in Shields
 18538 | Vaults:1 | Reached XP level 16. HP: 132/165 MP: 21/21
 19097 | Vaults:2 | Learned a level 4 spell: Cause Fear
 19116 | Vaults:2 | oh
 19116 | Vaults:2 | oops
 19116 | Vaults:2 | wonder how long thats been on
 19286 | Vaults:2 | reflection OP
 19436 | D:15     | Reached skill level 13 in Shields
 19915 | Vaults:2 | Found Gero's Antique Weapon Emporium.
 19931 | Vaults:2 | Noticed Margery
 19946 | Vaults:2 | Killed Margery
 20263 | Vaults:1 | Reached skill level 14 in Shields
 21099 | Vaults:2 | Paralysed by a great orb of eyes for 7 turns
 21260 | Vaults:2 | Received a gift from Okawaru
 21317 | Vaults:2 | Paralysed by a great orb of eyes for 2 turns
 21832 | Snake:1  | Reached skill level 15 in Shields
 21865 | Snake:1  | Reached XP level 17. HP: 172/172 MP: 22/22
 22106 | Snake:1  | Identified the Handbook of the Glacial Volcanoes
 22213 | Snake:1  | oh bah
 22213 | Snake:1  | forgot about him
 22555 | Snake:2  | Identified a scroll of acquirement
 22847 | Snake:3  | Entered Level 3 of the Snake Pit
 22853 | Snake:3  | Reached skill level 13 in Dodging
 24120 | Snake:3  | Reached skill level 14 in Dodging
 24328 | Snake:3  | Received a gift from Okawaru
 24627 | Snake:3  | Reached skill level 15 in Dodging
 24864 | Snake:3  | Reached XP level 18. HP: 168/182 MP: 20/23
 25308 | Snake:3  | Got a serpentine rune of Zot
 25551 | Depths:1 | Entered Level 1 of the Depths
 25605 | Depths:1 | Found a gateway to a ziggurat.
 25620 | Depths:1 | Found a gateway to Hell.
 25683 | Depths:1 | Paralysed by a great orb of eyes for 2 turns
 25749 | Depths:1 | Found a one-way gate to the infinite horrors of the Abyss.
 25832 | Depths:1 | Found a magical portal.
 25966 | WizLab   | Entered Doroklohe's Tomb
 26155 | WizLab   | how horrible
 26338 | WizLab   | Reached skill level 16 in Dodging
 26340 | WizLab   | Noticed a greater mummy
 26358 | WizLab   | Killed a greater mummy
 27047 | Depths:1 | Noticed an ancient lich
 27468 | Depths:1 | Reached skill level 17 in Dodging
 27493 | Depths:1 | Noticed a lich
 27506 | Depths:1 | Killed a lich
 27913 | Depths:2 | Reached skill level 13 in Unarmed Combat
 28117 | Depths:2 | Found Untin's Magic Scroll Emporium.
 28141 | Depths:2 | Bought a scroll of teleportation for 39 gold pieces
 28141 | Depths:2 | Bought a scroll of blinking for 97 gold pieces
 28141 | Depths:2 | Bought a scroll of teleportation for 39 gold pieces
 28141 | Depths:2 | Bought a scroll of remove curse for 39 gold pieces
 28141 | Depths:2 | Bought a scroll of enchant armour for 97 gold pieces
 28141 | Depths:2 | Bought a scroll of identify for 26 gold pieces
 28141 | Depths:2 | Bought a scroll of identify for 26 gold pieces
 28141 | Depths:2 | Bought a scroll of identify for 26 gold pieces
 28141 | Depths:2 | Bought a scroll of summoning for 123 gold pieces
 28141 | Depths:2 | Bought a scroll of holy word for 97 gold pieces
 28141 | Depths:2 | Bought a scroll of magic mapping for 45 gold pieces
 28255 | Depths:2 | Noticed a golden dragon
 28267 | Depths:2 | Killed a golden dragon
 28267 | Depths:2 | Reached XP level 19. HP: 185/189 MP: 22/24
 28312 | Depths:2 | Noticed an acid robin
 28312 | Depths:2 | Noticed a golden dragon
 28313 | Depths:2 | lol
 28319 | Depths:2 | Killed an acid robin
 28327 | Depths:2 | Reached skill level 14 in Unarmed Combat
 28618 | Elf      | Entered the Elven Halls
 29056 | Elf      | Noticed Asterion
 29057 | Elf      | Noticed a Tzitzimitl
 29135 | Elf      | Cast into level 3 of the Abyss (a deep elf sorcerer)
 29192 | Abyss:3  | Noticed a bone dragon
 29209 | Abyss:3  | Killed a bone dragon
 29240 | Abyss:3  | HP: 46/189 [something (9)]
 29419 | Abyss:3  | Reached skill level 15 in Unarmed Combat
 29559 | Abyss:3  | Reached skill level 2 in Stealth
 29804 | Elf      | Escaped the Abyss
 29807 | Elf      | Reached skill level 3 in Stealth
 29935 | Elf      | oh
 29935 | Elf      | 1/1
 29935 | Elf      | that explains a lot
 30271 | Elf      | Killed Asterion
 30365 | Elf      | Identified the Reference Book on Black Rites
 30428 | Elf      | Reached skill level 16 in Unarmed Combat
 30430 | Elf      | Got a flickering tin ring
 30532 | Elf      | Cast into level 2 of the Abyss (a deep elf demonologist)
 30732 | Abyss:2  | Paralysed by accursed screaming for 1 turns
 30921 | Elf      | Escaped the Abyss
 31341 | Elf      | Reached skill level 17 in Unarmed Combat
 31365 | Elf      | Identified the ring of Jisoym {rF++ rN+ AC+4 Str-3} (You took it off a deep elf blademaster in the Elven Halls)
 31481 | Elf      | Identified the Disquisition on Shifting Combat Magic
 31493 | Elf      | Learned a level 3 spell: Spider Form
 31504 | Elf      | Got a faintly humming cloak
 31515 | Elf      | Identified the +1 cloak "Firaokk" {rC+ Regen+} (You found it in the Elven Halls)
 31530 | Elf      | Identified Tuafop's Thaumaturgy in Simple Steps
 31535 | Elf      | Identified a manual of Stealth
 31556 | Elf      | Identified the Catalogue of Icy Dark Secrets
 31588 | Elf      | Reached XP level 20. HP: 183/198 MP: 25/25
 31730 | Elf      | Identified Yku Faih's Grimoire of Transmutation and Protection
 31734 | Elf      | Learned a level 1 spell: Beastly Appendage
 31810 | Elf      | Learned a level 6 spell: Haste
 31812 | Elf      | Learned a level 1 spell: Summon Butterflies
 32303 | Depths:2 | Received a gift from Okawaru
 32303 | Depths:2 | Reached skill level 13 in Fighting
 32336 | Depths:2 | Found a staircase to the Slime Pits.
 32342 | Depths:2 | Found a viscous altar of Jiyva.
 32630 | Depths:2 | Noticed Jorgrun
 32706 | Depths:2 | Killed Jorgrun
 32882 | Depths:2 | Got a crude giant club
 32892 | Depths:2 | Identified the cursed +2 giant club of Taj Toigibei {drain, *Contam rC+ Int+2 Dex+6} (You found it on level 2 of the Depths)
 33018 | Depths:2 | Paralysed by a sphinx for 6 turns
 33183 | Depths:2 | Noticed a golden dragon
 33188 | Depths:2 | Reached skill level 14 in Fighting
 33191 | Depths:2 | Killed a golden dragon
 33375 | Depths:2 | Killed a golden dragon
 33596 | Depths:3 | Entered Level 3 of the Depths
 33683 | Depths:3 | Paralysed by a floating eye for 4 turns
 33789 | Depths:3 | Got a shimmering pewter ring
 33826 | Depths:3 | Noticed a golden dragon
 33836 | Depths:3 | Killed a golden dragon
 33836 | Depths:3 | Reached skill level 15 in Fighting
 34012 | Depths:3 | Identified the ring "Zuiwiedi" {rF+ Dex+4} (You found it on level 3 of the Depths)
 34074 | Depths:3 | Found a gate to the Realm of Zot.
 34190 | Depths:3 | Got a brightly glowing lead ring
 34285 | Depths:3 | Noticed a golden dragon
 34298 | Depths:3 | Reached XP level 21. HP: 142/219 MP: 20/26
 34482 | Depths:3 | Found a one-way gate leading to the halls of Pandemonium.
 34509 | Depths:3 | Reached skill level 16 in Fighting
 34531 | Depths:3 | Killed a golden dragon
 34543 | Depths:3 | Got a steaming bronze ring
 34666 | Depths:3 | Identified the ring "Jaewuaga" {rF+ Slay+4} (You found it on level 3 of the Depths)
 34668 | Depths:3 | Identified the ring "Ceubliwu" {rC+ MR+ Slay+2} (You found it on level 3 of the Depths)
 34773 | Depths:3 | Got an ancient lead ring
 34777 | Depths:3 | Identified the ring "Epiwas" {rCorr Dex+3} (You found it on level 3 of the Depths)
 34792 | Depths:3 | Found a shadowy altar of Dithmenos.
 35187 | Depths:3 | Reached skill level 17 in Fighting
 35288 | Depths:3 | Got a slimy bronze ring
 35291 | Depths:3 | Identified the ring "Aqeets" {rC+ Dex+2} (You took it off a vampire mage on level 3 of the Depths)
 35326 | Depths:3 | Noticed a golden dragon
 35337 | Depths:3 | Killed a golden dragon
 35569 | Vaults:3 | Entered Level 3 of the Vaults
 35660 | Vaults:2 | Received a gift from Okawaru
 35740 | Vaults:3 | Paralysed by a lich for 6 turns
 35746 | Vaults:3 | im even wearing mr ;_;
 35872 | Vaults:2 | Noticed an acid robin
 35913 | Vaults:2 | an acid robin changed into an iron dragon
 35915 | Vaults:2 | Noticed a golden dragon
 35915 | Vaults:2 | an iron dragon changed into a golden dragon
 35925 | Vaults:2 | Killed a golden dragon
 36043 | Vaults:2 | Reached skill level 18 in Fighting
 36326 | Vaults:3 | Received a gift from Okawaru
 36343 | Vaults:3 | Reached XP level 22. HP: 143/240 MP: 24/27
 36916 | Vaults:3 | Got a silver rune of Zot
 36991 | Vaults:3 | Reached skill level 19 in Fighting
 37671 | Vaults:3 | Received a gift from Okawaru
 38496 | Hell     | Entered the Vestibule of Hell
 38496 | Hell     | Noticed Geryon
 38513 | Hell     | Noticed Murray
 38595 | Hell     | Reached skill level 20 in Fighting
 38622 | Hell     | Killed Murray
 38668 | Hell     | Found a gateway to the decaying netherworld of Tartarus.
 39088 | Hell     | Reached skill level 18 in Unarmed Combat
 39097 | Hell     | Reached XP level 23. HP: 205/254 MP: 28/28
 39218 | Hell     | Killed Geryon
 39564 | Tar:1    | Entered Level 1 of Tartarus
 39892 | Tar:1    | hells are still 7 deep
 39892 | Tar:1    | bleh
 40098 | Tar:1    | Reached skill level 19 in Unarmed Combat
 40342 | Tar:2    | Received a gift from Okawaru
 40404 | Tar:3    | Reached skill level 4 in Stealth
 40467 | Tar:3    | Reached skill level 5 in Stealth
 40610 | Tar:3    | Reached skill level 6 in Stealth
 40887 | Hell     | Reached skill level 7 in Stealth
 41399 | Tar:2    | Reached skill level 8 in Stealth
 41514 | Tar:3    | Reached skill level 9 in Stealth
 42111 | Tar:2    | Reached skill level 10 in Stealth
 42173 | Tar:2    | Cast into level 4 of the Abyss (a Zot trap)
 42178 | Abyss:4  | Found a corrupted altar of Lugonu.
 42397 | Abyss:4  | Got an abyssal rune of Zot
 42424 | Tar:2    | Escaped the Abyss
 42534 | Tar:3    | Reached skill level 11 in Stealth
 42624 | Tar:3    | Reached XP level 24. HP: 159/256 MP: 28/28
 42722 | Tar:4    | Received a gift from Okawaru
 43069 | Tar:5    | Gained mutation: You are weak. (Str -2) [mutagenic glow]
 43168 | Tar:5    | Reached skill level 12 in Stealth
 43253 | Tar:6    | HP: 45/256 [???[a doom hound] (22)]
 43258 | Hell     | HP: 45/256 [poisoned by a reaper]
 43750 | Hell     | fml
 44144 | Tar:3    | Reached skill level 20 in Unarmed Combat
 44602 | Tar:6    | HP: 62/262 [doom hound (7)]
 45261 | Depths:1 | Reached skill level 21 in Unarmed Combat
 45510 | Tar:3    | HP: 65/260 [???[the effects of Hell] (32)]
 46003 | Tar:4    | Reached XP level 25. HP: 73/268 MP: 26/28
 46318 | Tar:6    | HP: 59/268 [???[a doom hound] (29)]
 46337 | Tar:6    | Reached skill level 22 in Unarmed Combat
 46846 | Tar:2    | HP: 102/411 [reaper/scythe of slicing[a doom hound] (38)]
 46851 | Tar:2    | HP: 52/274 [reaper/scythe of slicing[a doom hound] (9)]
 47259 | Tar:4    | HP: 67/275 [torment (34)]
 48234 | Tar:6    | Reached skill level 21 in Fighting
 48361 | Tar:7    | Entered Level 7 of Tartarus
 48552 | Tar:7    | Gained mutation: You tend to lose your temper in combat. [mutagenic glow]
 48583 | Tar:7    | Gained mutation: You are occasionally teleported next to monsters. [mutagenic glow]
 48592 | Tar:7    | Lost mutation: You are weak. (Str -2) [potion of cure mutation]
 48592 | Tar:7    | Lost mutation: You tend to lose your temper in combat. [potion of cure mutation]
 48595 | Tar:7    | asdfg
 49387 | Tar:7    | Reached skill level 22 in Fighting
 49448 | Tar:7    | Reached skill level 7 in Armour
 49450 | Tar:7    | Noticed the Serpent of Hell
 49465 | Tar:7    | Noticed Ereshkigal
 49481 | Tar:7    | Got a bone rune of Zot
 49511 | Tar:7    | Reached XP level 26. HP: 185/290 MP: 28/28
 49569 | Tar:7    | Reached skill level 8 in Armour
 49583 | Tar:7    | HP: 66/290 [torment (33)]
 49771 | Zig:1    | Entered Level 1 of a ziggurat
 49781 | Zig:1    | Reached skill level 9 in Armour
 49804 | Zig:2    | Entered Level 2 of a ziggurat
 49880 | Zig:3    | Entered Level 3 of a ziggurat
 49942 | Zig:4    | Entered Level 4 of a ziggurat
 49971 | Zig:4    | Reached skill level 10 in Armour
 50000 | Zig:5    | Entered Level 5 of a ziggurat
 50005 | Zig:5    | Noticed a Killer Klown
 50006 | Zig:5    | Noticed Ossip the pandemonium lord
 50038 | Zig:5    | Killed Ossip the pandemonium lord
 50051 | Zig:5    | Killed a Killer Klown
 50051 | Zig:5    | Reached skill level 11 in Armour
 50084 | Zig:6    | Entered Level 6 of a ziggurat
 50098 | Zig:6    | Noticed a greater mummy
 50136 | Zig:6    | HP: 66/290 [??? (34)]
 50144 | Zig:6    | Killed a greater mummy
 50144 | Zig:6    | HP: 43/290 [greater mummy's death curse (28)]
 50151 | Zig:6    | HP: 40/290 [golden dragon zombie (5)]
 50354 | Zig:6    | Got a brightly glowing ivory amulet
 50366 | Zig:6    | Identified the amulet of Ascent {RegenMP Dex+5 Stlth-} (You found it on level 6 of a ziggurat)
 50369 | Zig:7    | Entered Level 7 of a ziggurat
 50410 | Zig:7    | Reached skill level 12 in Armour
 50440 | Zig:7    | Identified Cipahe's Almanac of Spatial Envenoming
 50463 | Zig:7    | Learned a level 2 spell: Blink
 50490 | Zig:8    | Entered Level 8 of a ziggurat
 50572 | Zig:8    | Received a gift from Okawaru
 50793 | Zig:9    | Entered Level 9 of a ziggurat
 50887 | Zig:9    | Reached skill level 13 in Armour
 50925 | Zig:9    | Got a scintillating glass ring
 50967 | Zig:9    | Identified the ring "Ytauts" {+Fly rElec rF+ Dex-5 Slay+3} (You found it on level 9 of a ziggurat)
 50975 | Zig:9    | Lost mutation: You are occasionally teleported next to monsters. [potion of cure mutation]
 51003 | Zig:10   | Entered Level 10 of a ziggurat
 51403 | Depths:2 | Found a sparkling altar of Nemelex Xobeh.
 51642 | Zot:1    | Entered Level 1 of the Realm of Zot
 52032 | Zot:1    | Reached skill level 18 in Dodging
 52579 | Zot:2    | Received a gift from Okawaru
 52623 | Zot:2    | Noticed an orb of fire
 52636 | Zot:2    | Killed an orb of fire
 52656 | Zot:2    | Reached XP level 27. HP: 281/299 MP: 23/28
 52722 | Zot:3    | Reached skill level 19 in Dodging
 53155 | Zot:5    | Entered Level 5 of the Realm of Zot
 53168 | Zot:5    | Received a gift from Okawaru
 53169 | Zot:5    | Got a distressingly furry shield {god gift}
 53186 | Zot:5    | Identified the +2 shield of Yvos {god gift, +Fly rElec MR- Str+5} (Okawaru gifted it to you on level 5 of the Realm of Zot)
 53469 | Zot:5    | Reached skill level 20 in Dodging
 53509 | Zot:5    | Noticed a Killer Klown
 53520 | Zot:5    | Killed a Killer Klown
 53568 | Zot:5    | Noticed an ancient lich
 53568 | Zot:5    | Noticed an ancient lich
 53569 | Zot:5    | Noticed an orb of fire
 53569 | Zot:5    | Noticed a Killer Klown
 53569 | Zot:5    | Noticed an ancient lich
 53606 | Zot:5    | Killed an ancient lich
 53614 | Zot:5    | Noticed an ancient lich
 53627 | Zot:5    | Killed an ancient lich
 53648 | Zot:5    | Killed an ancient lich
 53661 | Zot:5    | Killed an orb of fire
 53677 | Zot:5    | Killed an ancient lich
 53689 | Zot:5    | Noticed an ancient lich
 53693 | Zot:5    | Killed an ancient lich
 53693 | Zot:5    | Reached skill level 21 in Dodging
 53694 | Zot:5    | Noticed an ancient lich
 53703 | Zot:5    | Killed an ancient lich
 53723 | Zot:5    | Killed a Killer Klown
 53885 | Zot:5    | Got the Orb of Zot
 53908 | Zot:5    | Noticed Wujiyty the pandemonium lord
 53935 | Zot:5    | Killed Wujiyty the pandemonium lord
 53938 | Zot:5    | Noticed Neysm the pandemonium lord
 53949 | Zot:5    | Killed Neysm the pandemonium lord
 53949 | Zot:5    | Reached skill level 22 in Dodging
 53995 | Zot:4    | Noticed Hukhles the pandemonium lord
 54183 | D:12     | Received a gift from Okawaru
 54421 | D:2      | Noticed Qofaech the pandemonium lord
 54432 | D:2      | Killed Qofaech the pandemonium lord
 54519 | D:$      | Escaped with the Orb!

Vault maps used:
D:1:      dpeg_arrival_erosion, minmay_unequal
D:2:      uniq_terence
D:3:      kennysheep_generic_room_4, uniq_natasha
D:4:      minmay_misc_feat_pillars, uniq_edmund
D:5:      first_bread, eino_curves_02, st_stairs_12, kennysheep_slug_shrine
D:6:      uniq_prince_ribbit1
D:7:      nicolae_ossuary_entry_false_entrances, serial_shops,
          nicolae_shop_waterfront
D:8:      minivault_5, uniq_pikel
D:9:      serial_shops, shop, uniq_joseph
D:10:     serial_shops, nicolae_shop_window_shopping, uniq_erica
D:11:     minmay_orc_entry_guard_dogs, hangedman_ranch
D:12:     serial_park_tiny_2
D:13:     minmay_snake_entry_guardpost_medium, serial_shops, shop,
          uniq_josephine, uniq_sonja
D:14:     tgw_sif, uniq_nessos
D:15:     hangedman_depths_entry_try_elsewhere_first, david_vaults_5,
          serial_shops, shop, minivault_4, nicolae_qazlal_general_emergency
Temple:   compressed_dpeg_triangle_lava_temple
Snake:1:  dpeg_oklob_gauntlet, st_stairs_5, uniq_rupert
Snake:2:  basic_stair_grate_trap
Snake:3:  johnstein_snake_rune_scales, serial_bayou_lake_a
Orc:1:    nicolae_volcano_entry_batcave, uniq_harold
Orc:2:    st_orc_rangers, uniq_erolcha, uniq_snorg
Elf:      grunt_elf_hall_spiral, minmay_elf_necromancy, item_on_display_a,
          uniq_asterion
Vaults:1: hangedman_vaults_nodes, grunt_vaults_funnel, v_alt_pattern_3,
          st_greater_box_3, nicolae_vaults_shelves_hall, vaults_room_hallway,
          v_alt_pattern_6, v_misc_26, vaults_mumra_hexcomb,
          hangedman_vaults_trim, portal_desolation_entry_ruin
Vaults:2: v_misc_4, v_alt_pattern_6, vaults_room_semicircle,
          vaults_room_semicircle, ontoclasm_vaults_hangar, v_alt_pattern_1,
          v_alt_pattern_6, serial_shops, nicolae_shop_crystal, uniq_margery
Vaults:3: serial_shops
Depths:1: enter_ziggurat_f, pf_hell_entry_tar_river, mu_enter_wizlab_1,
          hangedman_abyss_entry_splay, minmay_guarded_unrand_mage
Depths:2: little_maze_vault, slime_altar_1, lemuel_statue_altar, pf_coc_iceberg,
          serial_shops, nicolae_shop_statue_plus, kb_rosetta, uniq_jorgrun
Depths:3: hangedman_spin_cycle, pan_entry, hell_entry, abyss_entry
Tar:1:    nicolae_tar_cuneiform_oil, nicolae_tar_cuneiform_bird,
          nicolae_tar_cuneiform_three, grunt_megastairs_4
Tar:4:    hangedman_damned_closets, nicolae_tar_cuneiform_not
Tar:5:    grunt_megastairs_5
Tar:6:    nicolae_tar_cuneiform_oil, nicolae_tar_cuneiform_bird,
          hangedman_tartarus_temple_path, nicolae_tar_cuneiform_sun
Tar:7:    tar_minmay_river
Zot:1:    grunt_deathspiral_small, kennysheep_underground_church
Zot:2:    lemuel_acid_trip, hangedman_elemental_grid_stream
Abyss:3:  hangedman_shadowy_showcase, hangedman_abyss_rune_flesh_and_stone
Abyss:4:  evilmike_abyss_exit_14
Zig:5:    ziggurat_pillar_centre_c
Zig:10:   ziggurat_pillar_centre_oklobs
Ossuary:  ossuary_boxes_badplayer
Volcano:  volcano_aerie
WizLab:   wizlab_doroklohe

Skill      XL: |  1  2  3  4  5  6  7  8  9 10 11 12 13 14 15 16 17 18 19 20 21 22 23 24 25 26 27 |
---------------+----------------------------------------------------------------------------------+-----
Unarmed Combat | 4 5 6 8 11 12 13 17 18 19 21 22 | 22.0
Fighting       | 5 8 9 12 15 18 20 22 | 22.0
Shields        | 6 7 9 12 15 | 15.0
Invocations    | 2 8 |  8.1
Dodging        | 6 10 12 15 17 18 22 | 22.0
Armour         | 1 6 7 13 | 13.5
Stealth        | 3 11 12 | 12.0

Action                   |  1- 3 |  4- 6 |  7- 9 | 10-12 | 13-15 | 16-18 | 19-21 | 22-24 | 25-27 || total
-------------------------+-------+-------+-------+-------+-------+-------+-------+-------+-------++-------
Melee: Unarmed           |    55 |   136 |   369 |   509 |   991 |  1607 |  1653 |  2463 |  2171 ||  9954
       Punch             |     2 |     1 |     7 |       |       |       |       |       |       ||    10
       Staff             |       |       |       |       |       |    33 |       |       |       ||    33
 Fire: Blowgun           |       |       |     3 |     4 |    20 |       |       |       |       ||    27
Throw: Stone             |       |       |       |     2 |       |       |       |       |       ||     2
       Large rock        |       |       |       |    25 |    29 |    10 |    10 |     3 |    43 ||   120
 Cast: Repel Missiles    |       |       |       |       |       |       |     1 |       |       ||     1
Invok: Heroism           |       |       |     7 |    38 |    48 |    48 |    51 |    50 |    52 ||   294
       Finesse           |       |       |       |       |     3 |       |     4 |     8 |     4 ||    19
Evoke: Wand              |       |       |       |       |     4 |    11 |     4 |    21 |    21 ||    61
       Phantom mirror    |       |       |       |       |       |       |       |       |     2 ||     2
  Use: Scroll            |     2 |       |     9 |     9 |    17 |    35 |    22 |    11 |    18 ||   123
       Potion            |       |     3 |     2 |       |    16 |    11 |     7 |     6 |     9 ||    54
 Stab: Sleeping          |     1 |       |     7 |     2 |     1 |       |       |     3 |     2 ||    16
       Distracted        |       |       |     1 |       |       |     1 |       |     1 |       ||     3
       Invisible         |       |       |       |       |     4 |       |       |       |     3 ||     7
Armor: Robe              |    14 |    29 |    83 |    58 |       |       |       |       |       ||   184
       Skin              |       |    14 |     1 |       |       |     4 |       |       |       ||    19
       Mottled dragon sc |       |       |       |     5 |   103 |     2 |       |       |       ||   110
       Fire dragon scale |       |       |       |       |       |    21 |       |       |       ||    21
       Swamp dragon scal |       |       |       |       |       |   117 |    51 |       |       ||   168
       Pearl dragon scal |       |       |       |       |       |       |   234 |   479 |   375 ||  1088
Dodge: Dodged            |    17 |    63 |   128 |   226 |   432 |   416 |   449 |   943 |   853 ||  3527
       Deflected         |       |       |       |       |       |       |     1 |       |       ||     1
Block: Shield            |       |       |    19 |   307 |   678 |       |       |       |       ||  1004
       Reflection        |       |       |       |       |   111 |   183 |    79 |    14 |       ||   387
       Large shield      |       |       |       |       |   226 |  1569 |  1548 |  2250 |  1919 ||  7512

Table legend:
 A = Turns spent in this place as a percentage of turns spent in the entire game.
 B = Non-inter-level travel turns spent in this place as a percentage of non-inter-level travel turns spent in the entire game.
 C = Inter-level travel turns spent in this place as a percentage of turns spent in this place.
 D = Turns resting spent in this place as a percentage of non-inter-level travel turns spent in this place.
 E = Turns spent auto-exploring this place as a percentage of non-inter-level travel turns spent in this place.
 F = Non-inter-level travel turns spent in this place divided by the number of levels of this place that you've seen.
                   A       B       C       D       E      F
               +-------+-------+-------+-------+-------+----------------------
         Total | 100.0 | 100.0 |   0.2 |   3.1 |   2.8 | 582.3
       Dungeon |  16.0 |  15.9 |   0.6 |   4.5 |   8.0 | 351.9
        Temple |   0.1 |   0.1 |   3.0 |   0.0 |  53.1 |  32.0
     Snake Pit |   7.5 |   7.5 |   0.4 |   4.6 |   2.6 | 832.0
  Orcish Mines |   3.0 |   3.0 |   0.9 |   2.7 |   3.1 | 491.0
   Elven Halls |   4.4 |   4.4 |   0.3 |   2.9 |   2.1 | 1463.0
        Vaults |  15.1 |  15.1 |   0.2 |   3.2 |   2.3 | 1675.0
        Depths |  10.8 |  10.8 |   0.4 |   3.0 |   4.7 | 1194.3
          Hell |   4.0 |   4.0 |   0.1 |   6.8 |   0.3 | 1333.0
      Tartarus |  20.9 |  21.0 |   0.0 |   1.9 |   0.0 | 995.1
           Zot |   6.8 |   6.8 |   0.0 |   0.7 |   0.4 | 454.6
         Abyss |   4.0 |   4.0 |   0.0 |   1.3 |   0.0 | 448.0
      Ziggurat |   4.1 |   4.1 |   0.0 |   2.8 |   0.0 | 137.0
       Ossuary |   1.1 |   1.1 |   0.0 |   1.9 |  13.0 | 376.0
       Volcano |   0.5 |   0.5 |   0.0 |   3.9 |   0.0 | 178.0
        Wizlab |   1.5 |   1.5 |   0.0 |   2.7 |   0.6 | 489.0
               +-------+-------+-------+-------+-------+----------------------

Table legend:
 A = Kills in this place as a percentage of kills in entire the game.
 B = Kills by you in this place as a percentage of kills by you in the entire game.
 C = Kills by friends in this place as a percentage of kills by friends in the entire game.
 D = Other kills in this place as a percentage of other kills in the entire game.
 E = Experience gained in this place as a percentage of experience gained in the entire game.
 F = Experience gained in this place divided by the number of levels of this place that you have seen.
                   A       B       C       D       E      F
               +-------+-------+-------+-------+-------+----------------------
         Total | 100.0 | 100.0 | 100.0 | 100.0 | 100.0 | 30248.9
       Dungeon |  16.2 |  16.4 |   0.0 |   7.1 |   4.2 | 4870.1
     Snake Pit |   7.4 |   7.3 |   0.0 |  14.3 |   5.6 | 32205.7
  Orcish Mines |   4.8 |   4.4 |   0.0 |  35.7 |   0.8 | 6691.5
   Elven Halls |   2.4 |   2.4 |   0.0 |   3.6 |   3.3 | 57460.0
        Vaults |  14.3 |  14.1 |   0.0 |  28.6 |  15.7 | 89972.7
        Depths |  10.2 |  10.2 |   0.0 |   7.1 |  14.5 | 83303.0
          Hell |   4.8 |   4.8 |   0.0 |   3.6 |   5.4 | 92339.0
      Tartarus |  21.8 |  22.1 |   0.0 |   0.0 |  23.8 | 58579.6
           Zot |   5.9 |   6.0 |   0.0 |   0.0 |  16.7 | 57453.2
         Abyss |   4.4 |   4.4 |   0.0 |   0.0 |   3.4 | 19815.0
      Ziggurat |   5.0 |   4.9 | 100.0 |   0.0 |   5.5 | 9534.5
       Ossuary |   1.6 |   1.7 |   0.0 |   0.0 |   0.0 | 616.0
       Volcano |   0.3 |   0.3 |   0.0 |   0.0 |   0.1 | 2550.0
        Wizlab |   0.8 |   0.9 |   0.0 |   0.0 |   0.9 | 16233.0
               +-------+-------+-------+-------+-------+----------------------
